Map: Persephone LE

Players

Lambo - Winner!

  • Race: Zerg Zerg
  • Spawn Location: 11:00

ShoWTimE

  • Race: Protoss Protoss
  • League: Grandmaster
  • Spawn Location: 7:00

Event: HomeStory Cup XXVII

VOD

Have the link to the VOD?

Description

Time

  • Played on: June 29, 2025, 6:59 a.m.
  • Length: 10:47

All games in this series

Show
View Real Time Build Order
Export as new Build Order

Lambo Zerg - Winner!

Build Orders: Hatch First 

Get SALT Encoding   

  12  0:00  Drone  
  13  0:08  Drone  
  14  0:14  Drone, Extractor  
  15  0:34  Hatchery  
  14  0:39  Extractor  
  14  0:40  Drone  
  15  0:46  Overlord  
  15  1:05  Drone x3  
  18  1:12  Spawning Pool  
  17  1:18  Drone  
  17  1:19  Extractor  
  17  1:27  Drone  
  18  1:38  Drone  
  19  1:47  Drone  
  19  1:48  Drone  
  21  1:58  Drone  
  21  1:59  Queen x2  
  26  2:05  Overlord  
  26  2:10  Drone  
  26  2:13  Zergling x2  
  28  2:23  Drone, Metabolic Boost  
  28  2:24  Drone  
  28  2:29  Drone  
  31  2:32  Drone  
  31  2:36  Queen  
  34  2:48  Hatchery  
  33  2:52  Overlord  
  33  2:55  Zergling x2  
  33  2:56  Zergling x2  
  35  2:59  Zergling x2  
  36  3:06  Overlord  
  36  3:11  Drone x4  
  40  3:13  Drone  
  40  3:18  Drone x3  
  42  3:29  Drone x2  
  42  3:34  Drone  
  42  3:38  Spore Crawler  
  42  3:40  Drone x3  
  42  3:41  Drone  
  44  3:42  Drone  
  44  3:45  Drone x2  
  47  3:51  Queen  
  49  3:58  Drone x3  
  49  4:02  Drone  
  51  4:05  Spore Crawler  
  50  4:10  Overlord  
  50  4:13  Drone  
  50  4:16  Queen  
  53  4:18  Overlord  
  53  4:20  Drone  
  53  4:21  Drone  
  53  4:23  Drone  
  56  4:24  Zergling x2  
  56  4:26  Zergling x2  
  56  4:28  Overlord  
  58  4:32  Drone x3  
  59  4:39  Drone x3  
  59  4:43  Drone x2  
  59  4:44  Drone x2  
  59  4:45  Drone  
  67  4:46  Drone  
  67  4:48  Drone  
  67  4:51  Lair  
  69  4:54  Drone  
  69  4:55  Extractor  
  69  4:56  Drone x2  
  71  5:00  Roach Warren  
  71  5:01  Drone  
  71  5:03  Drone  
  71  5:05  Zergling x2  
  72  5:09  Spore Crawler  
  72  5:11  Zergling x4  
  73  5:16  Drone x3  
  73  5:17  Zergling x2  
  77  5:22  Hatchery  
  77  5:23  Extractor  
  77  5:24  Overlord, Extractor  
  77  5:27  Overlord, Evolution Chamber  
  73  5:28  Drone  
  73  5:30  Overlord  
  73  5:31  Overlord  
  73  5:33  Overlord  
  73  5:35  Overlord  
  74  5:43  Overlord  
  74  5:45  Zergling x4  
  74  5:46  Zergling x2  
  74  5:49  Drone x6  
  83  5:51  Drone x2  
  83  5:52  Extractor x2  
  83  5:55  Zerg Missile Weapons Level 1  
  83  6:02  Drone  
  83  6:05  Overlord  
  83  6:06  Glial Reconstitution  
  83  6:07  Drone x4  
  87  6:16  Roach x7  
  101  6:19  Drone  
  101  6:22  Infestation Pit  
  101  6:24  Queen  
  101  6:25  Overlord  
  103  6:26  Roach  
  103  6:29  Overlord  
  105  6:32  Overlord  
  105  6:36  Queen  
  105  6:39  Zergling x4  
  109  6:40  Ravager x3  
  109  6:43  Zergling x12  
  118  6:51  Zergling x12  
  124  6:55  Roach  
  124  7:00  Roach  
  128  7:05  Roach x2  
  129  7:13  Drone x9  
  133  7:16  Drone x3  
  133  7:21  Drone  
  133  7:22  Pneumatized Carapace  
  137  7:24  Roach x5  
  137  7:29  Roach  
  149  7:32  Extractor  
  149  7:33  Queen  
  149  7:35  Drone, Extractor, Spore Crawler  
  149  7:36  Drone x2  
  148  7:43  Overlord  
  148  7:44  Roach x4  
  156  7:47  Overlord  
  156  7:51  Overlord  
  156  7:52  Overlord  
  156  7:53  Ravager x4  
  156  7:54  Hive  
  156  7:55  Overlord  
  156  7:56  Overlord  
  156  7:57  Overlord  
  160  7:59  Overlord  
  160  8:00  Overlord  
  160  8:02  Ravager x4  
  160  8:04  Overlord  
  164  8:08  Roach x3  
  164  8:09  Ravager x3  
  164  8:11  Overlord  
  171  8:16  Ravager x2  
  171  8:18  Zergling x14  
  180  8:24  Queen  
  182  8:30  Zergling x18  
  182  8:34  Roach x2  
  187  8:40  Roach x4  
  187  8:49  Roach x5  
  187  8:53  Ravager x3  
  199  8:56  Roach  
  199  9:01  Roach x4  
  197  9:05  Roach x3  
  197  9:08  Roach  
  199  9:15  Roach  
  199  9:18  Hydralisk Den  
  199  9:20  Ravager x3  
  187  9:25  Roach x7  
  192  9:32  Ravager x4  
  190  9:41  Roach  
  190  9:45  Ravager x3  
  186  9:46  Zergling x24  
  190  9:54  Roach x6  
  190  9:56  Roach  
  191  10:00  Roach  
  191  10:06  Lurker Den  
  171  10:08  Roach x3  
  171  10:13  Roach x2  
  172  10:17  Roach x7  
  172  10:21  Roach  
Show
View Real Time Build Order
Export as new Build Order

ShoWTimE Protoss 

Build Orders: 1 Gate Expand, Oracle Opening 

Get SALT Encoding   

  12  0:00  Probe  
  13  0:12  Probe  
  14  0:21  Pylon  
  14  0:24  Probe  
  15  0:35  Probe  
  15  0:42  Gateway  
  16  0:43  Probe  
  17  0:51  Assimilator  
  17  0:53  Probe  
  18  1:05  Probe  
  19  1:17  Probe  
  20  1:25  Nexus  
  20  1:35  Cybernetics Core  
  20  1:39  Probe  
  21  1:43  Assimilator  
  21  1:51  Probe  
  22  1:55  Pylon  
  22  2:03  Probe, Adept  
  23  2:15  Probe  
  26  2:23  Stargate, Adept  
  26  2:27  Probe  
  27  2:33  Probe  
  30  2:38  Warp Gate  
  30  2:39  Probe  
  30  2:41  Probe  
  31  2:51  Probe x2  
  32  2:53  Adept  
  36  2:59  Oracle  
  36  3:01  Pylon  
  36  3:03  Probe x2  
  41  3:15  Probe x2  
  43  3:23  Adept  
  45  3:27  Probe  
  45  3:28  Probe  
  45  3:33  Oracle  
  47  3:39  Probe  
  47  3:40  Probe  
  48  3:51  Probe  
  48  3:52  Probe, Nexus  
  48  3:53  Pylon  
  50  4:01  Gateway  
  50  4:03  Probe  
  50  4:04  Probe  
  50  4:08  Assimilator  
  50  4:09  Assimilator  
  52  4:12  Phoenix  
  52  4:16  Probe  
  55  4:22  Forge  
  55  4:24  Twilight Council  
  55  4:26  Pylon  
  55  4:27  Probe  
  55  4:30  Probe  
  57  4:39  Adept  
  57  4:43  Blink  
  57  4:45  Probe  
  60  4:47  Probe  
  61  4:54  Pylon  
  61  4:55  Adept  
  61  4:57  Probe  
  61  4:59  Probe  
  65  5:02  Probe, Stalker  
  65  5:04  Protoss Ground Weapons Level 1  
  68  5:07  Probe  
  68  5:09  Probe  
  68  5:10  Probe  
  70  5:15  Probe  
  70  5:19  Gateway  
  70  5:20  Gateway  
  70  5:21  Probe  
  73  5:22  Probe  
  73  5:23  Gateway  
  73  5:25  Gateway  
  73  5:26  Probe  
  75  5:33  Stalker x2  
  75  5:34  Probe  
  80  5:36  Probe  
  80  5:39  Probe  
  82  5:46  Probe  
  82  5:48  Probe  
  84  5:51  Probe  
  84  5:53  Pylon  
  83  5:58  Probe, Stalker x2  
  83  6:00  Probe, Assimilator, Templar Archives  
  83  6:03  Probe  
  90  6:04  Assimilator  
  90  6:08  Pylon  
  91  6:15  Stalker x2  
  96  6:19  Psionic Storm, Stalker x2  
  96  6:23  Pylon  
  98  6:26  Shield Battery, Stalker x2  
  98  6:29  Photon Cannon  
  102  6:33  Pylon  
  102  6:34  Charge  
  102  6:37  Probe  
  103  6:40  Probe  
  103  6:44  Zealot x3  
  110  6:48  High Templar  
  112  6:55  Robotics Facility  
  112  6:57  Pylon  
  112  6:58  Photon Cannon  
  112  7:02  Stalker x2  
  116  7:09  Photon Cannon  
  116  7:10  Shield Battery  
  116  7:12  Shield Battery  
  116  7:15  Stalker x3  
  112  7:21  High Templar, Photon Cannon  
  114  7:32  Probe  
  114  7:33  Probe  
  116  7:38  High Templar  
  116  7:40  High Templar  
  116  7:43  Protoss Ground Weapons Level 2, Nexus  
  120  7:45  Photon Cannon  
  120  7:47  Shield Battery, Photon Cannon  
  120  7:49  Warp Prism  
  120  7:50  Pylon  
  120  7:52  Photon Cannon  
  121  7:58  Probe x2  
  121  8:03  Zealot x2  
  128  8:07  Gateway  
  128  8:14  Gateway  
  128  8:15  Probe x2  
  128  8:16  Probe  
  128  8:18  Assimilator  
  131  8:22  Assimilator  
  131  8:25  Fleet Beacon  
  131  8:27  Stargate  
  131  8:33  Stalker x2  
  128  8:36  High Templar  
  128  8:40  Stalker  
  127  8:42  Stalker x2  
  127  8:47  Immortal  
  135  8:56  High Templar  
  137  9:05  Pylon  
  137  9:06  Pylon  
  137  9:08  Pylon  
  130  9:10  Nexus  
  130  9:12  Stalker x4  
  136  9:19  High Templar  
  136  9:20  Stalker  
  138  9:24  Stalker  
  138  9:28  Immortal  
  144  9:32  Pylon  
  144  9:42  High Templar  
  146  9:49  Cybernetics Core  
  146  9:50  Zealot x3  
  146  9:51  Zealot  
  138  10:01  Zealot  
  119  10:14  Zealot x2  
  119  10:15  Zealot x3  
  107  10:22  Zealot  
  85  10:35  Zealot x2  
  74  10:37  Zealot  
Tags
 
Add a new tag
Caveats
  • Supply blocks, unpowered buildings, or Contaminate may cause inaccurate times.
  • Supply counts are checked every 10 seconds.